Unix NetHack Version 5.0.0-0 post-release - last build Jul 19 2026 19:10:59 (3aa4ab31751d3886436d94b585a96704892fd477,branch:main).

Game began 2026-07-22 13:59:23, ended 2026-07-22 14:51:00.

Booker, lawful male human Knight

                                                --
                                      -- ---    ..
                                     --.--..  --..
                                     |......---..       ----         ----
                                --- --...........       ...--        |..|
                                |...............         .M.|       --..---
                                -...............-        -..|       |.....|
                                 c..............|        |..--   ----*....|
                                    -...^.......--      --%%%-----....|..--
             --        ----     --------......<..--------%)%.......---|..|
      -............................!....................%G)------------..|
      ---   ---          ---    ----------......------------       |.....|
                                         --....--                  |.....--
                                          |..---                   ---....--
                                          ---                        ---...|
                                                                       ---.|
                                                                         ---
Booker the Bachelor      St:17 Dx:11 Co:12 In:7 Wi:14 Ch:18  Lawful S:5725
Dlvl:9  $:229 HP:0(64) Pw:67(67) AC:1  Xp:7/1274 T:5210  Burdened

Latest messages:
 You kill the hobgoblin!
 The gnome lord throws a dart!
 A dart misses you.
 You kill the gnome!
 The gnome lord throws 2 darts!
 The 1st dart misses you.
 The 2nd dart misses you.
 The gnome wields 5 daggers!
 You hit the gnome!
 You kill the gnome!
 The gnome lord throws 2 darts!
 The 1st dart misses you.
 You are hit by the 2nd dart.
 You have a little trouble lifting o - a copper wand.
 The bugbear picks up an orcish helm.
 The gnome lord picks up a dart.
 You see here a dart.
 The bugbear misses!
 You hit the gnome lord!
 The bugbear hits!
 You hit the gnome lord!
 The bugbear hits!
 The gnome lord hits!
 The gnome lord picks up 5 daggers.
 The gnome lord hits!
 The gnome lord wields 5 daggers!
 You kill the gnome lord!
 The gnome wields an aklys!
 The gnome secures the tether on the aklys.
 You hit the bugbear!
 The bugbear drinks a potion of full healing!
 The bugbear looks completely healed.
 You hear crashing rock.
 The gnome lord picks up a leather armor.
 You hit the bugbear!
 The bugbear hits!
 The gnome lord is caught in a spider web.
 You kill the bugbear!
 The gnome lord thrusts one of his daggers.
 The gnome lord hits!
 The gnome picks up a dart.
 You hit the gnome lord!
 The gnome lord thrusts one of his daggers.
 The gnome lord hits!
 The gnome swings his aklys.
 The gnome hits!
 You kill the gnome lord!
 The gnome swings his aklys.
 The gnome hits!
 You die...

Inventory:
 Coins    ('$')
  $ - 229 gold pieces
 Weapons  (')')
  b - an uncursed +1 long sword (weapon in right hand)
  e - an uncursed +1 lance
 Armor    ('[')
  d - an uncursed +0 helmet (being worn)
  f - an uncursed +0 pair of leather gloves (being worn)
  F - an uncursed +0 pair of iron shoes (being worn)
  h - an uncursed +0 small shield (being worn)
  c - an uncursed +1 ring mail (being worn)
 Comestibles  ('%')
  g - 11 uncursed apples
  j - 11 uncursed carrots
  s - an uncursed tripe ration
  S - an uncursed lizard corpse
 Scrolls  ('?')
  X - an uncursed scroll of identify
 Potions  ('!')
  i - 2 blessed potions of healing
  x - 2 uncursed potions of see invisible
 Rings    ('=')
  y - an uncursed ring of hunger
  z - an uncursed +1 ring of increase damage (on right hand)
  k - an uncursed ring of invisibility (on left hand)
  T - an uncursed ring of polymorph control
 Wands    ('/')
  o - an uncursed wand of digging (0:8)
 Tools    ('(')
  I - an uncursed +0 pick-axe
  O - an uncursed towel

Booker the Knight's attributes:

Background:
 You were a Bachelor, a level 7 male human Knight.
 You were lawful, on a mission for Lugh
 who was opposed by Brigit (neutral) and Manannan Mac Lir (chaotic).
 You were right-handed.
 You were in the Gnomish Mines, on level 9.
 You entered the dungeon 5210 turns ago.
 You had 1274 experience points, 6 more were needed to attain level 8.
 Your score was 5725 before end-of-game adjustments.

Basics:
 You had 0 out of 64 hit points.
 You had all 67 energy points (spell power).
 Your armor class was 1.
 Your wallet contained 229 zorkmids.
 Autopickup was on for '$%?!"=/' plus thrown, with exceptions.

Final Characteristics:
 Your strength was 17 (limit:18/100).
 Your dexterity was 11 (limit:18).
 Your constitution was 12 (limit:18).
 Your intelligence was 7 (limit:18).
 Your wisdom was 14 (limit:18).
 Your charisma was 18 (limit:18).

Final Status:
 You weren't hungry.
 You were burdened; movement was slightly slowed.
 You were wielding a long sword.
 You were skilled in long sword and could have enhanced that.

Final Attributes:
 You were piously aligned.
 You were poison resistant.
 You were telepathic.
 You were invisible.
 You could jump.
 You had a small damage bonus (+1).
 You were warded.
 You were fast.
 You are dead.

Miscellaneous:
 You disabled loading and storing of bones levels.
 Total elapsed playing time was 51 minutes and 36 seconds.

Major events:
 Turn
    1: Booker the lawful male human Knight entered the dungeon
  674: entered the Gnomish Mines
  732: attained the rank of Esquire (level 3)
 2473: attained the rank of Bachelor (level 6)
 3174: reached Mine Town
 5210: killed by a gnome

You didn't know any spells.

Skills:
 Fighting Skills
   bare handed combat [Unskilled]
   two weapon combat  [Unskilled]
   riding             [Basic]
 Weapon Skills
   dagger             [Unskilled]
   knife              [Unskilled]
   axe                [Unskilled]
   pick-axe           [Basic]
   short sword        [Unskilled]
   broadsword         [Unskilled]
   long sword         [Skilled]
   two-handed sword   [Unskilled]
   saber              [Unskilled]
   club               [Unskilled]
   mace               [Unskilled]
   morning star       [Unskilled]
   flail              [Unskilled]
   hammer             [Unskilled]
   polearms           [Unskilled]
   spear              [Unskilled]
   trident            [Unskilled]
   lance              [Basic]
   bow                [Unskilled]
   crossbow           [Unskilled]
 Spellcasting Skills
   attack spells      [Unskilled]
   healing spells     [Unskilled]
   clerical spells    [Unskilled]

Voluntary challenges:
 Character rerolling was not enabled.
 You never genocided any monsters.
 You never polymorphed an object.
 You never changed form.
 You used no wishes.
Achievements:
 You entered the Gnomish Mines.
 You attained the rank of Esquire.
 You attained the rank of Bachelor.
 You entered Minetown.
 You entered a shop.
 You entered a temple.

 The Dungeons of Doom: levels 1 to 3
    Level 1:
       A fountain.
    Level 2:
       Stairs down to The Gnomish Mines.
    Level 3:
 The Gnomish Mines: levels 3 to 9
    Level 3:
    Level 4:
    Level 5:
    Level 6:
       Many shops, a temple and an altar, a fountain, a sink.
    Level 7:
    Level 8:
    Level 9: <- You were here.
       Final resting place for
          you, killed by a gnome.


Vanquished creatures:
  a chameleon
  2 giant spiders
  a black light
  a dwarf mummy
  a lizard
  4 human zombies
  a rope golem
  2 bugbears
 an imp
  a mountain nymph
  2 Mordor orcs
  a rock piercer
  a pony
 10 gnome leaders
  7 gnomish wizards
  a kobold mummy
  a floating eye
  6 dwarves
  4 rothes
  2 monkeys
  4 orc zombies
  4 iguanas
  2 acid blobs
  7 manes
  a hobgoblin
  2 cave spiders
  a yellow mold
 53 gnomes
  2 gnome zombies
  3 geckos
  2 jackals
  2 kobolds
  3 goblins
  a sewer rat
  3 grid bugs
  4 bats
  5 lichens
  a kobold zombie
  7 newts
157 creatures vanquished.

No species were genocided or became extinct.

Game over:
                       ----------
                      /          \
                     /    REST    \
                    /      IN      \
                   /     PEACE      \
                  /                  \
                  |      Booker      |
                  |      229 Au      |
                  |   killed by a    |
                  |      gnome       |
                  |                  |
                  |                  |
                  |       2026       |
                 *|     *  *  *      | *
        _________)/\\_//(\/(/\)/\//\/|_)_______

Fare thee well Booker the Knight...

You died in The Gnomish Mines on dungeon level 9 with 5703 points,
and 229 pieces of gold, after 5210 moves.
You were level 7 with a maximum of 64 hit points when you died.

